 Dungeon Crawl Stone Soup version 0.20.1-1-g8b1a95d66d (webtiles) character file.

49 NullDivider the Charlatan (level 3, -7/23 HPs)
             Began as an Octopode Artificer on Dec 1, 2017.
             Mangled by a worm (18 damage)
             ... on level 2 of the Dungeon.
             The game lasted 00:05:44 (2140 turns).

NullDivider the Charlatan (Octopode Artificer)      Turns: 2140, Time: 00:05:44

Health: -7/23      AC:  1    Str: 11    XL:     3   Next: 75%
Magic:  5/5        EV: 14    Int: 13    God:
Gold:   61         SH:  0    Dex: 13    Spells: 2/2 levels left

rFire    . . .     SeeInvis .   k - +0 dagger
rCold    . . .     Gourm    .   (no shield)
rNeg     . . .     Faith    .   (helmet restricted)
rPois    .         Spirit   .   (no amulet)
rElec    .         Reflect  .   (no ring)
rCorr    .         Harm     .   (no ring)
MR       .....                  (no ring)
Stlth    +++.......             (no ring)
Regen    0.1/turn               (no ring)
MPRegen  0.1/turn               (no ring)
                                (no ring)
                                (no ring)

@: no status effects
A: almost no armour, stealthy swim, amphibious, 8 rings, constrict 8, camouflage
1, gelatinous body 1
a: no special abilities


You were on level 2 of the Dungeon.
You were not hungry.

You visited 1 branch of the dungeon, and saw 2 of its levels.

You collected 61 gold pieces.

Inventory:

Hand Weapons
 k - a +0 dagger (weapon)
Wands
 b - a wand of flame (15/48)
 c - a wand of enslavement (14/24)
 d - a wand of random effects (15/48)
Scrolls
 e - a scroll of remove curse {unknown}
 g - a scroll of enchant weapon {unknown}
 j - 5 scrolls of identify {unknown}
Potions
 a - a potion of ambrosia {unknown}
 l - a potion of invisibility {unknown}
Comestibles
 f - 3 bread rations
 h - 5 fruits
 i - 4 chunks of flesh


   Skills:
 + Level 1.3 Fighting
 + Level 1.6 Short Blades
 + Level 2.5 Dodging
 * Level 3.3 Stealth
 + Level 3.5 Evocations


You had 2 spell levels left.
You didn't know any spells.

Dungeon Overview and Level Annotations

Branches:
Dungeon (2/15)

Altars:
Trog
The Shining One


Innate Abilities, Weirdness & Mutations

You cannot wear most types of armour.
You are very stealthy in the water. (Stealth+)
You are amphibious.
You can wear up to eight rings at the same time.
You can use your tentacles to constrict eight enemies at once.
Your skin changes colour to match your surroundings (Stealth+).
Your rubbery body absorbs attacks. (AC +1, EV +1)


Message History

The rat bites you.
You hit the rat. Your grab misses the rat.
The rat is almost dead.
The rat closely misses you. The rat misses you.
You hit the rat but do no damage. You grab the rat.
The rat is almost dead.
You constrict the rat.
You kill the rat!
Evoke which item? (* to show all) (? for menu, Esc to quit)
Aiming: Enslavement
Press: ? - help, Shift-Dir - straight line, f - worm
Aim: a worm (berserk, fast, unusually strong, chance to defeat MR: 65%)
The worm is charmed.
This wand has 14 charges left.
Your worm bites the worm!
The worm bites your worm!
Your worm bites the worm!
The worm bites your worm!
Your worm dies!
The worm bites you!!
Ouch! That really hurt!
You die...

##### #...#########
##.#.........# #.....######.#
############# #.....##.....#
...#........#######.....##.#...##
...#............@######.##.#.....
...'..........##w##.............>
..÷#........####†####.###....#...
...##########.......### #.####...
...#########.........####'## #...
..........#...........#....###...
.####.....#....###....#....##....
.####.[...#...##y##...#..........
.#........#....###....##.........


You could see a moth of wrath and a worm (berserk).

Vanquished Creatures
  2 adders (D:2)
  A dart slug (D:1)
  2 giant cockroaches
  4 goblins
  5 hobgoblins
  A quokka (D:2)
  A ball python (D:2)
  4 bats
  3 frilled lizards
  A kobold (D:1)
  8 rats
32 creatures vanquished.

Vanquished Creatures (others)
  A worm (D:2)
1 creature vanquished.

Grand Total: 33 creatures vanquished

Notes
Turn   | Place    | Note
-------+----------+-------------------------------------------
     0 | D:1      | NullDivider the Octopode Artificer began the quest for the Orb.
     0 | D:1      | Reached XP level 1. HP: 13/13 MP: 3/3
   553 | D:1      | Reached XP level 2. HP: 15/18 MP: 4/4
  1567 | D:2      | Reached XP level 3. HP: 15/23 MP: 5/5
  1792 | D:2      | Found a glowing golden altar of the Shining One.
  2108 | D:2      | Noticed a moth of wrath
  2111 | D:2      | Found a bloodstained altar of Trog.
  2140 | D:2      | Mangled by a worm

Skill      XL: |  1  2  3 |
---------------+----------+-----
Stealth        | 2 3 |  3.3
Fighting       | |  1.3
Short Blades   | |  1.6
Dodging        | |  2.5
Evocations     | |  3.5

Action                   || total
-------------------------++-------
Melee: Short sword       ||    23
       Constrict         ||    14
       Dagger            ||    51
       Tentacles         ||     9
Evoke: Wand              ||     1
 Stab: Sleeping          ||     7
       Distracted        ||     2
  Eat: Chunk             ||     4
Armor: Skin              ||     8
Dodge: Dodged            ||    52
